 Dungeon Crawl Stone Soup version 0.23-a0-407-g92528d7 (webtiles) character file.

80 JeffiDaFish the Skirmisher (level 4, -2/34 HPs)
             Began as a Demonspawn Skald on Nov 4, 2018.
             Slain by Grinder (3 damage)
             ... on level 3 of the Dungeon on Nov 8, 2018.
             The game lasted 00:05:42 (2262 turns).

JeffiDaFish the Skirmisher (Demonspawn Skald)       Turns: 2262, Time: 00:05:43

Health: -2/34      AC:  7    Str:  9 (10) XL:     4   Next: 18%
Magic:  0/7        EV:  8    Int: 15      God:
Gold:   116        SH:  0    Dex: 10 (12) Spells: 3/7 levels left

rFire    + . .     SeeInvis .   a - +0 falchion
rCold    . . .     Gourm    .   (no shield)
rNeg     . . .     Faith    .   j - +0 scale mail
rPois    .         Spirit   +   g - +0 helmet
rElec    .         Reflect  .   (no cloak)
rCorr    .         Harm     .   (no gloves)
MR       .....                  (no boots)
Stlth    ..........             (no amulet)
HPRegen  0.11/turn              (no ring)
MPRegen  0.20/turn              (no ring)

@: infused (expiring)
A: fangs 1, talons 1, fire resistance 1, weak 1, magic shield, magic
regeneration
a: no special abilities


You were on level 3 of the Dungeon.
You were hungry.

You visited 1 branch of the dungeon, and saw 3 of its levels.

You collected 116 gold pieces.

Inventory:

Hand Weapons
 a - a +0 falchion (weapon)
Armour
 g - a +0 helmet (worn)
 j - a +0 scale mail (worn)
Scrolls
 b - a scroll of amnesia
 c - 2 scrolls of identify
Potions
 e - 2 potions of curing
 f - a potion of lignification
 h - a potion of invisibility
Comestibles
 d - 3 rations


   Skills:
 * Level 2.9 Fighting
 * Level 2.5 Long Blades
 * Level 1.5 Armour
 * Level 2.1 Dodging
 + Level 2.2 Spellcasting
 - Level 2.8 Charms
 + Level 0.2 Necromancy


You had 3 spell levels left.
You knew the following spells:

 Your Spells              Type           Power        Failure   Level  Hunger
a - Infusion              Chrm           ##..         50%         1    #......
b - Regeneration          Chrm/Necr      #.........   95%         3    ###....

Your spell library contained the following spells:

 Spells                   Type           Power        Failure   Level  Hunger
 Song of Slaying          Chrm           ##......     63%         2    ###....
 Shroud of Golubria       Chrm/Tloc      #.........   83%         2    ###....
 Spectral Weapon          Hex/Chrm       #.......     96%         3    ###....


Dungeon Overview and Level Annotations

Branches:
Dungeon (3/15)

Altars:
Ashenzari
Dithmenos
Fedhas
Gozag
Vehumet
Xom
The Shining One

Annotations:
D:3 Grinder


Innate Abilities, Weirdness & Mutations

When hurt, damage is shared between your health and your magic reserves.
You regenerate magic rapidly.
You have very sharp teeth.
You have sharp toenails.
Your flesh is heat resistant. (rF+)
You are weak. (Str -2)


Message History

You suddenly lose the ability to move!
Grinder completely misses you. x2
Your magical contamination has completely faded away.
Grinder hits you.
You writhe in agony.
Grinder gestures at you. Pain shoots through your body!
* * * LOW HITPOINT WARNING * * *
You can move again.
You hit Grinder but do no damage. You claw Grinder, but do no damage.
Grinder is heavily wounded.
Grinder gestures at you. You resist with significant effort. Grinder hits you.
* * * LOW HITPOINT WARNING * * *
You closely miss Grinder.
Grinder is heavily wounded.
Your magical infusion is running out.
Grinder hits you!
* * * LOW HITPOINT WARNING * * *
You writhe in agony.
You die...

.....# ....#
###...# .....#
#....# #>#.# #.#..#
#.#.#.# #.#@##.#
##.#5#### #.....#
### #.....# ...
#.....# #.# #.....#
#.# #...(.# #.#
###..## #######.#
#..########........


You could see Grinder.

Vanquished Creatures
  3 adders (D:2)
  A dart slug (D:2)
  2 leopard geckos (D:2)
  An orc (D:3)
  5 giant cockroaches
  2 goblins
  7 hobgoblins
  7 jackals (D:2)
  7 kobolds
  5 bats
  3 rats
43 creatures vanquished.

Notes
Turn   | Place    | Note
-------+----------+-------------------------------------------
     0 | D:1      | JeffiDaFish the Demonspawn Skald began the quest for the
                  | Orb.
     0 | D:1      | Reached XP level 1. HP: 16/16 MP: 3/3
   350 | D:1      | Reached skill level 1 in Armour
   441 | D:1      | Gained mutation: You are weak. (Str -2) [potion of
                  | mutation]
   441 | D:1      | Gained mutation: You have very sharp teeth. [potion of
                  | mutation]
   441 | D:1      | Gained mutation: You have sharp toenails. [potion of
                  | mutation]
   441 | D:1      | Gained mutation: Your flesh is heat resistant. (rF+)
                  | [potion of mutation]
   478 | D:1      | Gained mutation: When hurt, damage is shared between your
                  | health and your magic reserves. [demonic ancestry]
   478 | D:1      | Reached XP level 2. HP: 18/22 MP: 5/5
  1064 | D:1      | Found a shimmering altar of Xom.
  1068 | D:1      | Found a white marble altar of Elyvilon.
  1068 | D:1      | Found a glowing golden altar of the Shining One.
  1073 | D:1      | Found a shimmering altar of Xom.
  1073 | D:1      | Found a blossoming altar of Fedhas.
  1073 | D:1      | Found a shadowy altar of Dithmenos.
  1105 | D:2      | Found a radiant altar of Vehumet.
  1156 | D:2      | Reached XP level 3. HP: 22/28 MP: 3/6
  1577 | D:2      | Upgraded the game from 0.23-a0-402-g64599a1 to
                  | 0.23-a0-407-g92528d7
  1641 | D:2      | Gained mutation: You regenerate magic rapidly. [demonic
                  | ancestry]
  1641 | D:2      | Reached XP level 4. HP: 27/34 MP: 4/7
  1690 | D:2      | Learned a level 3 spell: Regeneration
  1872 | D:3      | Found a shattered altar of Ashenzari.
  1885 | D:3      | Found an opulent altar of Gozag.
  2213 | D:3      | Noticed Grinder
  2224 | D:3      | Paralysed by Grinder for 7 turns
  2250 | D:3      | Paralysed by Grinder for 3 turns
  2256 | D:3      | Paralysed by Grinder for 5 turns
  2262 | D:3      | HP: 1/34 [Grinder (6)]
  2262 | D:3      | Slain by Grinder

Vault maps used:
D:1:      minmay_arrival_doors, doesnt_xom_only_xom
D:2:      vehumet_crystals, minmay_domino_4
D:3:      lemuel_crystal_altar, nicolae_overflow_crystal_walls, uniq_grinder

Skill      XL: |  1  2 |
---------------+-------+-----
Armour         | 1 |  1.5
Long Blades    | 2 |  2.5
Dodging        | 2 |  2.1
Fighting       | |  2.9
Spellcasting   | |  2.2
Charms         | |  2.8
Necromancy     | |  0.2

Action                   |  1- 3 |  4- 6 || total
-------------------------+-------+-------++-------
Melee: Falchion          |   119 |    48 ||   167
       Kick              |    18 |    11 ||    29
       Bite              |     8 |     3 ||    11
 Cast: Infusion          |       |     1 ||     1
  Use: Potion            |     6 |     2 ||     8
       Scroll            |     6 |       ||     6
 Stab: Invisible         |     2 |       ||     2
       Sleeping          |       |     1 ||     1
  Eat: Chunk             |     2 |     2 ||     4
Armor: Leather armour    |    38 |     7 ||    45
       Scale mail        |       |     9 ||     9
Dodge: Dodged            |    87 |    26 ||   113
       Rpst.: Falchion   |    26 |    13 ||    39

Table legend:
 A = Non-vault XP
 B = Vault XP
 C = Vault XP percentage of total XP
 D = Non-vault monster count
 E = Vault monster count
 F = Vault count percentage of total count
                 A         B        C        D         E       F
            +---------+---------+-------+---------+---------+-------
      Total |      96 |      19 |  16.5 |      40 |       3 |   7.0
            +---------+---------+-------+---------+---------+-------
        D:1 |      27 |       0 |   0.0 |      15 |       0 |   0.0
        D:2 |      56 |      19 |  25.3 |      18 |       3 |  14.3
        D:3 |      13 |       0 |   0.0 |       7 |       0 |   0.0
            +---------+---------+-------+---------+---------+-------
